 Dungeon Crawl Stone Soup version 0.32-a0-900-g30fb1b0edc (webtiles) character file.

Game seed: 15517456881695436285

206 Autsider the Gusty (level 5, -7/38 HPs)
             Began as a Gnoll Air Elementalist on Apr 5, 2024.
             Mangled by an ogre
             ... wielding a +0 giant spiked club
              (22 damage)
             ... on level 4 of the Dungeon.
             The game lasted 00:04:17 (3150 turns).

Autsider the Gusty (Gnoll Air Elementalist)         Turns: 3150, Time: 00:04:18

Health: -7/38      AC:  3    Str:  8    XL:     5   Next: 84%
Magic:  8/12       EV: 12    Int: 16    God:
Gold:   165        SH:  4    Dex: 12    Spells: 9/14 levels left

rFire   . . .        i - +1 dagger (venom)
rCold   . . .        o - +0 buckler
rNeg    . . .        a - +0 robe
rPois   .            (no helmet)
rElec   .            (no cloak)
rCorr   .            s - +0 pair of gloves
SInv    .            (no boots)
Will    .....        (no amulet)
Stlth   +++          (no ring)
HPRegen 0.26/turn    (no ring)
MPRegen 0.13/turn

%: no passive effects
@: no status effects
A: fangs 1, strong nose, distributed training
a: no special abilities


You were on level 4 of the Dungeon.
You visited 1 branch of the dungeon, and saw 4 of its levels.

You collected 165 gold pieces.

Inventory:

Hand Weapons
 i - a +1 dagger of venom (weapon)
Missiles
 d - 37 stones
 t - a throwing net
Armour
 a - a +0 robe (worn)
 o - a +0 buckler (worn)
 s - a +0 pair of gloves (worn)
Talismans
 f - a serpent talisman
Scrolls
 c - 4 scrolls of identify {@r1}
 g - a scroll of teleportation {@r2}
 h - a scroll of silence {unknown}
 k - 2 scrolls of immolation {unknown}
 m - a scroll of acquirement {unknown}
 n - a scroll of blinking {unknown}
 p - a scroll of torment {unknown}
Potions
 b - a potion of magic
 e - a potion of attraction {unknown}
 j - a potion of degeneration
 l - a potion of lignification {unknown}
 q - a potion of curing {unknown}
 r - a potion of mutation {unknown}


   Skills:
 + Level 1.7 Fighting
 + Level 1.7 Short Blades
 + Level 1.7 Long Blades
 + Level 1.7 Axes
 + Level 1.7 Maces & Flails
 + Level 1.7 Polearms
 + Level 1.7 Staves
 + Level 1.7 Ranged Weapons
 + Level 1.7 Throwing
 + Level 1.7 Armour
 + Level 4.9 Dodging
 + Level 4.5 Stealth
 + Level 1.7 Shields
 + Level 1.7 Unarmed Combat
 + Level 5.3 Spellcasting
 + Level 2.5 Conjurations
 + Level 1.3 Hexes
 + Level 1.3 Summonings
 + Level 1.3 Necromancy
 + Level 1.3 Translocations
 + Level 1.3 Fire Magic
 + Level 1.3 Ice Magic
 + Level 5.6 Air Magic
 + Level 1.3 Earth Magic
 + Level 1.3 Alchemy
 + Level 2.0 Invocations
 + Level 1.7 Evocations
 + Level 1.5 Shapeshifting


You had 9 spell levels left.
You knew the following spells:

 Your Spells              Type           Power      Damage    Failure   Level
a - Shock                 Conj/Air       68%        1d7       4%          1
b - Airstrike             Air            11%        2d(2-18)  22%         4

Your spell library contained the following spells:

 Spells                   Type           Power      Damage    Failure   Level
 Static Discharge         Conj/Air       34%        3-5/arc   7%          2
 Swiftness                Air            22%        N/A       7%          3


Dungeon Overview and Level Annotations

Branches:
Dungeon (4/15)
 Temple: D:4-7

Altars:
Kikubaaqudgha
Sif Muna
Trog
Vehumet


Innate Abilities, Weirdness & Mutations

You have very sharp teeth.
Your uncanny sense of smell can sniff out nearby items.
Your experience applies equally to all skills.


Message History

Aiming: Shock (safe; 4% risk of failure)
Press: ? - help, Shift-Dir - straight line, f/p - orc wizard
Aim: an orc wizard, wielding a +0 dagger and wearing a +0 robe (almost dead, 64% to hit)
The zap hits the orc wizard.
You kill the orc wizard!
Your Invocations skill increases to level 2!
Casting: Shock (safe; 4% risk of failure)
Confirm with . or Enter, or press ? or * to list all spells.
Aiming: Shock (safe; 4% risk of failure)
Press: ? - help, Shift-Dir - straight line, f - orc
Aim: an orc, wielding a +0 short sword, wearing a +0 chain mail and quivering stones (79% to hit)
You miscast Shock.
You are very lightly contaminated with residual magic.
Nothing appears to happen.
An orc priest comes into view. It is wielding a +0 war axe.
Casting: Shock (safe; 4% risk of failure)
Confirm with . or Enter, or press ? or * to list all spells.
Aiming: Shock (safe; 4% risk of failure)
Press: ? - help, Shift-Dir - straight line, f/p - orc
Aim: an orc, wielding a +0 short sword, wearing a +0 chain mail and quivering stones (79% to hit)
The zap hits the orc.
The orc is almost dead.
The orc priest shouts!
Casting: Shock (safe; 4% risk of failure)
Confirm with . or Enter, or press ? or * to list all spells.
Aiming: Shock (safe; 4% risk of failure)
Press: ? - help, Shift-Dir - straight line, f/p - orc
Aim: an orc, wielding a +0 short sword, wearing a +0 chain mail and quivering stones (almost dead, 79% to hit)
The zap hits the orc.
You kill the orc!
Your magical contamination has completely faded away.
You see here 2 fuming golden potions.
The orc priest looks satisfied for a moment.
Found a ring mail.
The ogre hits you with a +0 giant spiked club!!
Ouch! That really hurt!
* * * LOW HITPOINT WARNING * * *
The ogre hits you with a +0 giant spiked club!!
Ouch! That really hurt!
You die...

## #. #. #. #. #### ##
#### ##..# ..
.....#####...# ##.#
##...@O..### #..
#...###.## ##.##
#...#.##[.# #...#
#.###....## #...#
#.##....############)...
..........O!....o.......
###.###.#########.......
.. #.# #.o..##...# .#
#.. ....)####.....


You could see an ogre.

Vanquished Creatures
  4 orc wizards
  An adder (D:3)
  3 gnolls (D:2)
  A ribbon worm (D:3)
  2 orcs
  3 bats
  6 endoplasms
  A giant cockroach (D:2)
  9 goblins
  6 hobgoblins
  6 jackals
  A quokka (D:2)
  4 ball pythons
  5 frilled lizards
  6 kobolds
  3 rats
61 creatures vanquished.

Notes
Turn   | Place    | Note
-------+----------+-------------------------------------------
     0 | D:1      | Autsider the Gnoll Air Elementalist began the quest for the
                  | Orb.
     0 | D:1      | Reached XP level 1. HP: 13/13 MP: 6/6
   130 | D:1      | Reached XP level 2. HP: 19/19 MP: 5/7
   823 | D:1      | Reached skill level 5 in Spellcasting
   823 | D:1      | Reached XP level 3. HP: 25/25 MP: 4/9
  1438 | D:2      | Reached skill level 1 in Invocations
  1751 | D:2      | Reached skill level 1 in Fighting
  1751 | D:2      | Reached skill level 1 in Short Blades
  1751 | D:2      | Reached skill level 1 in Long Blades
  1751 | D:2      | Reached skill level 1 in Axes
  1751 | D:2      | Reached skill level 1 in Maces & Flails
  1751 | D:2      | Reached skill level 1 in Polearms
  1751 | D:2      | Reached skill level 1 in Staves
  1751 | D:2      | Reached skill level 1 in Ranged Weapons
  1751 | D:2      | Reached skill level 1 in Throwing
  1751 | D:2      | Reached skill level 1 in Armour
  1751 | D:2      | Reached skill level 1 in Shields
  1751 | D:2      | Reached skill level 1 in Unarmed Combat
  1751 | D:2      | Reached skill level 1 in Evocations
  1755 | D:2      | Reached skill level 1 in Shapeshifting
  1755 | D:2      | Reached XP level 4. HP: 12/32 MP: 8/11
  2108 | D:3      | Reached skill level 1 in Hexes
  2108 | D:3      | Reached skill level 1 in Summonings
  2108 | D:3      | Reached skill level 1 in Necromancy
  2108 | D:3      | Reached skill level 1 in Translocations
  2108 | D:3      | Reached skill level 1 in Fire Magic
  2108 | D:3      | Reached skill level 1 in Ice Magic
  2108 | D:3      | Reached skill level 1 in Earth Magic
  2108 | D:3      | Reached skill level 1 in Alchemy
  2388 | D:3      | Found a bloodstained altar of Trog.
  2712 | D:3      | Found a radiant altar of Vehumet.
  2718 | D:3      | Reached XP level 5. HP: 25/37 MP: 6/12
  2764 | D:3      | Learned a level 4 spell: Airstrike
  2768 | D:3      | Found an ancient bone altar of Kikubaaqudgha.
  2779 | D:3      | Found a shimmering blue altar of Sif Muna.
  3126 | D:4      | Noticed an ogre
  3150 | D:4      | Mangled by an ogre

Illustrated notes

Levels and vault maps discovered:
D:1:      dpeg_arrival_signposts, layout_basic
D:2:      layout_rooms
D:3:      layout_loops_ring, palyth_temple_overflow_mages,
          mainiacjoe_overflow_24_doors, minmay_misc_feat_x
D:4:      layout_rooms

Skill      XL: |  1  2  3  4  5 |
---------------+----------------+-----
Conjurations   | 2 |  2.5
Spellcasting   | 5 |  5.3
Invocations    | 1 2 |  2.0
Fighting       | 1 |  1.7
Short Blades   | 1 |  1.7
Long Blades    | 1 |  1.7
Axes           | 1 |  1.7
Maces & Flails | 1 |  1.7
Polearms       | 1 |  1.7
Staves         | 1 |  1.7
Ranged Weapons | 1 |  1.7
Throwing       | 1 |  1.7
Armour         | 1 |  1.7
Shields        | 1 |  1.7
Unarmed Combat | 1 |  1.7
Evocations     | 1 |  1.7
Shapeshifting  | 1 |  1.5
Hexes          | 1 |  1.3
Summonings     | 1 |  1.3
Necromancy     | 1 |  1.3
Translocations | 1 |  1.3
Fire Magic     | 1 |  1.3
Ice Magic      | 1 |  1.3
Earth Magic    | 1 |  1.3
Alchemy        | 1 |  1.3
Dodging        | |  4.9
Stealth        | |  4.5
Air Magic      | |  5.6

Action                     |  1- 3 |  4- 6 || total
---------------------------+-------+-------++-------
  Melee: Mace              |     1 |       ||     1
         Dagger            |     6 |     6 ||    12
         Bite              |     1 |       ||     1
   Cast: Shock             |    69 |    47 ||   116
    Use: Scroll            |     2 |       ||     2
   Stab: Sleeping          |     1 |       ||     1
 Armour: Robe              |     3 |     8 ||    11
  Dodge: Dodged            |     7 |     7 ||    14
  Block: Buckler           |       |     1 ||     1

Table legend: (Time is in decaauts)
 A = Elapsed time spent in this place.
 B = Non-inter-level travel time spent in this place.
 C = Inter-level travel time spent in this place.
 D = Time resting spent in this place.
 E = Time spent auto-exploring this place.
 F = Levels seen in this place.
 G = Mean time per level.
                   A        B        C        D        E       F      G
               +--------+--------+--------+--------+--------+-----+--------+
         Total |   3149 |   3015 |    134 |     41 |   2647 |   4 |  787.2 |
       Dungeon |   3149 |   3015 |    134 |     41 |   2647 |   4 |  787.2 |
               +--------+--------+--------+--------+--------+-----+--------+

Top non-repeatable levels by time:
     D:1: 1430 daAuts
     D:3: 961 daAuts
     D:2: 617 daAuts
     D:4: 139 daAuts
